Map: 中心协议

Players

平步青云

  • Race: Terran Terran

电脑难度(艰难) - Winner!

  • Race: Protoss Protoss

VOD

Have the link to the VOD?

Description

Time

  • Played on: Dec. 30, 2015, 7:51 a.m.
  • Length: 6:39
Show
View Real Time Build Order
Export as new Build Order

平步青云 Terran 

Build Orders:  

Get SALT Encoding   

  12  0:01  SCV  
  13  0:13  SCV  
  14  0:19  Supply Depot  
  14  0:25  SCV  
  15  0:41  SCV  
  16  0:53  SCV  
  16  0:54  Barracks  
  17  1:05  SCV, Barracks  
  18  1:13  Refinery  
  18  1:17  SCV  
  19  1:29  SCV  
  20  1:41  SCV  
  20  1:44  Supply Depot  
  21  1:54  SCV, Marine  
  23  2:06  Refinery  
  23  2:08  SCV  
  24  2:09  Barracks Tech Lab  
  24  2:11  Marine  
  25  2:20  SCV  
  26  2:29  Marine  
  27  2:32  Command Center  
  27  2:34  Orbital Command  
  27  2:46  Marine  
  28  2:56  Factory  
  28  3:01  Engineering Bay  
  28  3:06  Marauder  
  28  3:08  Barracks Reactor  
  30  3:19  SCV  
  31  3:36  Terran Infantry Weapons Level 1  
  31  3:46  SCV  
  32  3:48  Supply Depot  
  32  3:49  SCV  
  33  3:56  Marine x2  
  33  3:58  SCV  
  33  4:01  SCV  
  37  4:04  Marauder  
  37  4:06  Factory Tech Lab  
  39  4:11  SCV  
  39  4:16  Starport  
  40  4:23  SCV  
  41  4:35  SCV  
  42  4:42  Refinery  
  42  4:44  Refinery  
  42  4:47  SCV  
  42  4:50  SCV  
  44  4:55  Siege Tank  
  44  4:57  Marine x2, Marauder  
  44  4:59  SCV  
  52  5:02  SCV  
  53  5:11  SCV, Supply Depot  
  54  5:33  Marauder, SCV x2, Medivac, Marine x2  
  54  5:34  Supply Depot  
  62  5:51  Concussive Shells  
  62  5:56  SCV  
  63  5:57  Supply Depot  
  63  6:05  Starport  
  50  6:19  Marine x2  
Show
View Real Time Build Order
Export as new Build Order

电脑难度(艰难) Protoss - Winner!

Build Orders:  

Get SALT Encoding   

  12  0:01  Probe (Chrono Boost)  
  13  0:11  Probe (Chrono Boost)  
  14  0:20  Pylon  
  14  0:22  Probe (Chrono Boost)  
  15  0:38  Probe (Chrono Boost)  
  16  0:47  Assimilator  
  16  0:48  Probe (Chrono Boost)  
  17  0:51  Gateway  
  17  0:59  Probe (Chrono Boost)  
  17  1:01  Pylon  
  18  1:10  Probe (Chrono Boost)  
  19  1:22  Probe (Chrono Boost)  
  20  1:37  Zealot  
  20  1:42  Cybernetics Core  
  20  1:44  Gateway  
  22  1:48  Assimilator  
  22  2:03  Pylon  
  22  2:16  Adept  
  22  2:21  Warp Gate  
  24  2:28  Stalker  
  26  2:42  Zealot  
  28  2:53  Pylon  
  28  2:57  Stalker  
  30  3:08  Adept  
  32  3:24  Pylon  
  32  3:26  Adept  
  34  3:34  Stalker  
  36  3:44  Probe (Chrono Boost)  
  37  3:52  Adept  
  37  3:55  Probe (Chrono Boost)  
  40  4:01  Pylon  
  40  4:03  Stalker  
  40  4:06  Probe (Chrono Boost)  
  43  4:15  Forge  
  43  4:18  Probe (Chrono Boost), Zealot  
  46  4:30  Probe (Chrono Boost)  
  47  4:41  Probe (Chrono Boost), Adept  
  50  4:52  Adept  
  52  5:51  Sentry  
  52  5:54  Gateway  
  52  5:56  Photon Cannon  
  54  5:59  Photon Cannon  
  54  6:00  Stalker  
  54  6:02  Pylon  
  52  6:13  Stalker  
  50  6:18  Nexus  
  50  6:22  Zealot  
  48  6:34  Stalker  
Tags
 
Add a new tag
Caveats
  • Supply blocks, unpowered buildings, or Contaminate may cause inaccurate times.
  • Supply counts are checked every 10 seconds.